 Dungeon Crawl Stone Soup version 0.21.1-1-g345015f (webtiles) character file.

58 inc the Scratcher (level 3, -1/17 HPs)
             Began as a Felid Chaos Knight on Feb 23, 2018.
             Slain by a frilled lizard (2 damage)
             ... on level 3 of the Dungeon.
             The game lasted 00:04:21 (2055 turns).

inc the Scratcher (Felid Chaos Knight)              Turns: 2055, Time: 00:04:22

Health: -1/17      AC:  1    Str:  8    XL:     3   Next: 76%
Magic:  4/4        EV: 18    Int: 14    God:    Xom [..*...]
Gold:   135        SH:  0    Dex: 15    Spells: 2/2 levels left
                                        Lives:  0   Deaths: 1

rFire    . . .     SeeInvis +     - Unarmed
rCold    . . .     Gourm    .   (shield unavailable)
rNeg     . . .     Faith    .   (armour unavailable)
rPois    .         Spirit   .   (helmet unavailable)
rElec    .         Reflect  .   (cloak unavailable)
rCorr    .         Harm     .   (gloves unavailable)
MR       .....                  (boots unavailable)
Stlth    ++........             (no amulet)
HPRegen  0.05/turn              (no ring)
MPRegen  0.09/turn              (no ring)

@: quick
A: very small, no armour, no weapons or thrown items, stealth, claws 1, fangs 3,
see invisible, carnivore, speed 1, shaggy fur 1, slow metabolism 1, sharp paws
a: Renounce Religion


You were on level 3 of the Dungeon.
You worshipped Xom.
You were a toy of Xom.
You were not hungry.

You visited 1 branch of the dungeon, and saw 3 of its levels.

You collected 135 gold pieces.

Inventory:

Jewellery
 g - a cursed ring of teleportation {unknown}
 l - a cursed -3 ring of intelligence {unknown}
Wands
 b - a wand of disintegration (6)
Scrolls
 c - 2 scrolls of teleportation {unknown}
 e - 2 scrolls of amnesia {unknown}
 f - 2 scrolls of identify {unknown}
 h - a scroll of enchant weapon {unknown}
 i - a scroll of enchant armour {unknown}
 m - a scroll of magic mapping {unknown}
Potions
 d - a potion of resistance
 k - 2 potions of curing
Comestibles
 a - 3 rations


   Skills:
 - Level 3.0 Fighting
 - Level 3.2 Dodging
 + Level 5.3 Unarmed Combat


You had 2 spell levels left.
You didn't know any spells.

Dungeon Overview and Level Annotations

Branches:
Dungeon (2/15)

Altars:
Nemelex Xobeh
Ru


Innate Abilities, Weirdness & Mutations

You cannot wear armour.
You are incapable of wielding weapons or throwing items.
Your paws allow you to move quietly. (Stealth)
You have sharp claws.
You have razor-sharp teeth.
You have supernaturally acute eyesight. (SInv)
You are carnivorous and can eat meat at any time.
You cover ground quickly.
You are covered in fur. (AC +1)
You have a slow metabolism.
Your sharp claws are effective at attacking unaware monsters.


Message History

You closely miss the hobgoblin.
The hobgoblin is heavily wounded.
You closely miss the hobgoblin.
The hobgoblin is heavily wounded.
The hobgoblin hits you with a club. The frilled lizard misses you.
You are too injured to fight recklessly!
You are too injured to fight recklessly!
You scratch the hobgoblin but do no damage.
The hobgoblin is heavily wounded.
The hobgoblin hits you with a club. The frilled lizard barely misses you.
You scratch the hobgoblin.
You kill the hobgoblin!
The frilled lizard bites you.
* * * LOW HITPOINT WARNING * * *
You closely miss the frilled lizard. The frilled lizard bites you.
* * * LOW HITPOINT WARNING * * *
You closely miss the frilled lizard.
You hear the brisk rusting of a distant drain.
The frilled lizard bites you.
You die...

#..................#......
#.........................
#............#............
#............#............
#............#............
#............#............
#...........##.......###..
#######..l..##............
#..@).##l...........
#...................
#...................
#...(...............
#.................## ∆
..............#...#
...............#.....
......................
.......


You could see a frilled lizard.

Vanquished Creatures
  Ijyb (D:3)
  2 adders
  2 worms (D:2)
  A dart slug (D:1)
  4 leopard geckos
  7 bats
  5 giant cockroaches
  6 goblins
  4 hobgoblins
  3 jackals (D:3)
  2 kobolds
  A ball python (D:2)
  A frilled lizard (D:2)
  3 rats
42 creatures vanquished.

Notes
Turn   | Place    | Note
-------+----------+-------------------------------------------
     0 | D:1      | inc the Felid Chaos Knight began the quest for the Orb.
     0 | D:1      | Reached XP level 1. HP: 10/10 MP: 2/2
   372 | D:1      | XOM: divination: magic mapping
   431 | D:1      | Reached XP level 2. HP: 14/14 MP: 3/3
   501 | D:1      | XOM: potion effect (berserk rage)
   503 | D:1      | XOM: silly message
   778 | D:2      | Reached skill level 4 in Unarmed Combat
   860 | D:2      | XOM: harmless Erth miscast
  1050 | D:2      | Reached XP level 3. HP: 10/17 MP: 4/4
  1064 | D:2      | XOM: divination: detect items
  1279 | D:2      | Found a sparkling altar of Nemelex Xobeh.
  1358 | D:2      | XOM: cloud trail
  1390 | D:2      | XOM: harmless Conj miscast
  1538 | D:2      | XOM: divination: magic mapping
  1713 | D:2      | You fall through a shaft!
  1774 | D:3      | Found a sacrificial altar of Ru.
  1801 | D:3      | XOM: confuse monster(s)
  1821 | D:3      | Reached XP level 4. HP: 10/21 MP: 5/5
  1925 | D:3      | XOM: medium Tmut miscast
  1949 | D:3      | Reached skill level 5 in Unarmed Combat
  1950 | D:3      | Noticed Ijyb
  1961 | D:3      | Blown up by Ijyb
  1962 | D:3      | Reached XP level 3. HP: -14/17 MP: 4/4
  1980 | D:3      | Xom revived you
  1981 | D:3      | Killed Ijyb
  1994 | D:3      | XOM: divination: detect items
  2055 | D:3      | Slain by a frilled lizard

Skill      XL: |  1  2  3  4 |
---------------+-------------+-----
Unarmed Combat | 4 5 |  5.3
Fighting       | |  3.0
Dodging        | |  3.2

Action                   |  1- 3 |  4- 6 || total
-------------------------+-------+-------++-------
Melee: Unarmed           |   122 |    16 ||   138
       Bite              |     6 |       ||     6
       Punch             |     1 |       ||     1
  Use: Potion            |     4 |       ||     4
 Stab: Sleeping          |     4 |       ||     4
  Eat: Chunk             |       |     1 ||     1
Armor: Skin              |     5 |     2 ||     7
Dodge: Dodged            |   105 |    14 ||   119
